[Event "Team 45 45 League T44"]
[Site "Internet Chess Club"]
[Date "2010.02.22"]
[Round "3"]
[White "dscvdchk"]
[Black "BishopMike"]
[Result "1-0"]
[WhiteElo "1590"]
[BlackElo "1508"]
[Opening "QGD: 4.Nf3"]
[ECO "D37"]
[Time "12:06:12"]
[TimeControl "2700+45"]

1. d4 Nf6 2. c4 d5 3. Nf3 e6 4. Nc3 dxc4 5. e3 Bb4 6. Bxc4 O-O 7. O-O a6 8. a3
Bd6 9. e4 Nbd7 10. e5 Nb6 11. Bd3 Be7 12. exf6 Bxf6 13. Ne5 Qxd4 14. Bxh7+
{Black resigns} 1-0

[Event "Team 45 45 League T44"]
[Site "Internet Chess Club"]
[Date "2010.02.22"]
[Round "3"]
[White "TheronUAL"]
[Black "stputte"]
[Result "1-0"]
[WhiteElo "1507"]
[BlackElo "1428"]
[Opening "Alekhine's defense"]
[ECO "B02"]
[Time "10:32:36"]
[TimeControl "2700+45"]

1. e4 Nf6 2. e5 Nd5 3. Nf3 d6 4. Bc4 dxe5 5. Nxe5 c6 6. Nc3 Be6 7. O-O g6 8. d4
Bg7 9. Nxd5 Bxd5 10. Bxd5 Qxd5 11. c4 Qd8 12. Be3 O-O 13. Re1 Nd7 14. Bf4 Nxe5
15. Bxe5 Bxe5 16. Rxe5 Qd7 17. Qd3 Rfd8 18. Rd1 f6 19. Re2 Kf7 20. d5 cxd5 21.
cxd5 Rac8 22. Red2 Rc7 23. h4 Qd6 24. h5 Rcd7 25. Qe4 Kg7 26. Rd3 f5 27. h6+ Kf7
28. Qd4 Qf6 29. Qxa7 Qxb2 30. Qe3 Qf6 31. Re1 Rxd5 32. Rxd5 Rxd5 33. Qb3 Qc6 34.
Rd1 e6 35. Rxd5 Qxd5 36. Qb2 e5 37. Qb6 Qc6 38. Qb3+ Kf6 39. Qg8 Qc1+ 40. Kh2
Qxh6+ 41. Kg1 Qg7 42. Qd8+ Qe7 43. Qb6+ Kg7 44. a4 h5 45. a5 Kh6 46. Qa7 Qa3 47.
Qa8 Kg5 48. Qd8+ Kf4 49. Qh4# {Black checkmated} 1-0

[Event "Team 45 45 League T44"]
[Site "Internet Chess Club"]
[Date "2010.02.22"]
[Round "3"]
[White "Rookmaster"]
[Black "Magagna"]
[Result "1/2-1/2"]
[WhiteElo "1751"]
[BlackElo "1869"]
[Opening "Four knights: Ranken variation"]
[ECO "C48"]
[Time "19:01:00"]
[TimeControl "2700+45"]

1. e4 Nf6 2. Nc3 e5 3. Nf3 Nc6 4. Bb5 a6 5. Bxc6 dxc6 6. Nxe5 Nxe4 7. Nxe4 Qd4
8. O-O Qxe5 9. Re1 Be6 10. d4 Qf5 11. Ng3 Qf6 12. Ne4 Qf5 13. Ng3 Qf6 14. Ne4
Qf5 {Game drawn by repetition} 1/2-1/2

[Event "Team 45 45 League T44"]
[Site "Internet Chess Club"]
[Date "2010.02.20"]
[Round "3"]
[White "mongmong"]
[Black "Timotheous"]
[Result "0-1"]
[WhiteElo "1604"]
[BlackElo "1627"]
[Opening "Old Benoni defense"]
[ECO "A43"]
[Time "11:30:47"]
[TimeControl "2700+45"]

1. d4 c5 2. e3 b6 3. Nf3 Bb7 4. c3 g6 5. Bd3 Bg7 6. Nbd2 Nf6 7. O-O O-O 8. Qe2
d6 9. dxc5 bxc5 10. b3 Nd5 11. Bb2 Nxc3 12. Bxc3 Bxc3 13. Rac1 Bg7 14. Nc4 Nd7
15. Na5 Qxa5 {White resigns} 0-1

[Event "Team 45 45 League T44"]
[Site "Internet Chess Club"]
[Date "2010.02.22"]
[Round "3"]
[White "John3v16"]
[Black "EminenceFront"]
[Result "1-0"]
[WhiteElo "1634"]
[BlackElo "1380"]
[Opening "Modern defense: Averbakh system, Randspringer variation"]
[ECO "A10"]
[Time "14:02:05"]
[TimeControl "2700+45"]

1. c4 g6 2. d4 Bg7 3. e4 d6 4. Nc3 f5 5. exf5 Bxf5 6. Nf3 Nf6 7. Qb3 Qc8 8. h3
Nc6 9. Be3 O-O 10. g4 Nxg4 11. hxg4 Bxg4 12. c5+ Kh8 13. Ng5 h6 14. Nf7+ Kh7 15.
Nxh6 Bf3 16. Rh3 Na5 17. Ng4+ Bh6 18. Rxh6+ Kg7 19. Qc2 Qxg4 20. Bh3 Qg1+ 21.
Kd2 Nc4+ 22. Kd3 Qxa1 23. Kxc4 b5+ 24. Kb3 Qg1 25. Ne2 Bd5+ 26. Kc3 b4+ 27. Kd2
Rxf2 28. Bxf2 b3 29. Bxg1 bxc2 30. Rh4 Bxa2 31. Kxc2 Bc4 32. Nc3 dxc5 33. dxc5
Bf7 34. Bd4+ Kf8 35. Rh8+ Bg8 36. Be6 Ke8 37. Rxg8# {Black checkmated} 1-0

[Event "Team 45 45 League T44"]
[Site "Internet Chess Club"]
[Date "2010.02.21"]
[Round "3"]
[White "gerailen0075"]
[Black "AndersO"]
[Result "0-1"]
[WhiteElo "1719"]
[BlackElo "1453"]
[Opening "French: advance, Euwe variation"]
[ECO "C02"]
[Time "08:00:10"]
[TimeControl "2700+45"]

1. e4 e6 2. d4 d5 3. e5 c5 4. c3 Nc6 5. Nf3 Bd7 6. Be2 Nge7 7. Na3 cxd4 8. cxd4
Nf5 9. Nc2 Qb6 10. O-O Be7 11. Kh1 O-O 12. g4 Nh4 13. Nxh4 Bxh4 14. g5 Ne7 15.
Rg1 Rac8 16. Bd3 Bb5 17. f4 Bxd3 18. Qxd3 Nf5 19. Rg2 Rc7 20. b3 Rfc8 21. Bb2 a6
22. Ne3 Nxe3 23. Qxe3 Rc2 24. Rag1 Qc6 25. Rxc2 Qxc2 26. Rc1 Qe4+ 27. Qxe4 Rxc1+
28. Bxc1 dxe4 29. Kg2 f6 30. gxf6 gxf6 31. exf6 Kf7 32. Bb2 Kg6 33. Kf1 Bxf6 34.
Ke2 Kf5 35. Ke3 Be7 36. d5 exd5 37. Be5 Bc5+ {White resigns} 0-1

[Event "Team 45 45 League T44"]
[Site "Internet Chess Club"]
[Date "2010.02.19"]
[Round "3"]
[White "Kingangyal"]
[Black "ILRE"]
[Result "1/2-1/2"]
[WhiteElo "1435"]
[BlackElo "1430"]
[Opening "Queen's pawn: London system"]
[ECO "A45"]
[Time "16:06:24"]
[TimeControl "2700+45"]

1. d4 Nf6 2. Bf4 g6 3. e3 Bg7 4. h3 O-O 5. Nf3 d6 6. Be2 c5 7. c3 Nbd7 8. O-O b6
9. Nbd2 Bb7 10. Qc2 Rc8 11. Qd3 Re8 12. e4 e5 13. dxe5 dxe5 14. Bh2 Qe7 15. Qc2
a6 16. Rfe1 Nh5 17. a4 Nf4 18. Bc4 Kh8 19. Rad1 Rcd8 20. Nf1 Nf6 21. Ng5 Ne6 22.
Nxe6 fxe6 23. Rxd8 Rxd8 24. Bxe5 Nd7 25. Bh2 Ne5 26. Be2 Nf7 27. Ne3 e5 28. Nc4
b5 29. axb5 axb5 30. Na5 c4 31. Nxb7 Qxb7 32. Bf3 Bh6 33. Rd1 Qc7 34. Rxd8+ Qxd8
35. Qd1 Qxd1+ 36. Bxd1 Kg7 37. Bg4 Kf6 38. Bd1 Nd6 39. f3 Bc1 40. b3 Bb2 41.
bxc4 Nxc4 42. Bb3 Bxc3 43. Kf2 Bd4+ 44. Ke2 Na5 45. Bd1 b4 46. Bg3 Nb7 47. Be1
Bc5 48. Kd3 Nd6 49. Bb3 g5 50. g3 h6 51. Ba4 Ke7 52. Kc2 Nc4 53. Kb3 Ne3 54.
Bxb4 Bxb4 55. Kxb4 Kd6 56. Kc3 Nf1 57. g4 Nh2 58. Bd1 Nf1 59. Be2 Ne3 60. Ba6
Ng2 61. Bf1 Nf4 62. Kc4 Kc6 63. Kb4 Kd6 64. Kc4 Ne6 65. Be2 Nf4 66. Bf1 {Game
drawn by repetition} 1/2-1/2

[Event "Team 45 45 League T44"]
[Site "Internet Chess Club"]
[Date "2010.02.21"]
[Round "3"]
[White "kingsrook"]
[Black "blizzard13"]
[Result "0-1"]
[WhiteElo "1337"]
[BlackElo "1399"]
[Opening "Queen's pawn game"]
[ECO "D04"]
[Time "13:00:11"]
[TimeControl "2700+45"]

1. d4 d5 2. Nf3 Nf6 3. e3 Bf5 4. Bd3 e6 5. Bxf5 exf5 6. O-O Bd6 7. Nc3 c6 8. Re1
O-O 9. Bd2 Nbd7 10. Ne2 Re8 11. Ng3 Bxg3 12. hxg3 Ne4 13. Bb4 a5 14. Ba3 Re6 15.
Rc1 Nb6 16. Bc5 Nxc5 17. dxc5 Na4 18. Ng5 Qxg5 {White resigns} 0-1

[Event "Team 45 45 League T44"]
[Site "Internet Chess Club"]
[Date "2010.02.22"]
[Round "3"]
[White "kidviper"]
[Black "andrew28"]
[Result "1-0"]
[WhiteElo "1913"]
[BlackElo "1677"]
[Opening "Sicilian: Kan, 5.Nc3"]
[ECO "B43"]
[Time "15:02:33"]
[TimeControl "2700+45"]

1. e4 c5 2. Nf3 e6 3. d4 cxd4 4. Nxd4 a6 5. Nc3 Qc7 6. Be3 Bb4 7. Qd2 Nf6 8. f3
Bxc3 9. bxc3 Nc6 10. Bd3 h6 11. O-O b5 12. a4 bxa4 13. Rxa4 Bb7 14. Nxc6 dxc6
15. Rfa1 Rd8 16. Qf2 Nd7 17. Bxa6 Bxa6 18. Rxa6 O-O 19. f4 Qd6 20. e5 Qd5 21.
Qe2 Nb8 22. R6a5 Qd7 23. Bc5 Qb7 24. Bxf8 Kxf8 25. Ra7 Qb6+ 26. Kh1 g6 27. f5
exf5 28. e6 fxe6 29. Qxe6 Qxa7 30. Qf6+ Ke8 31. Re1+ Kd7 32. Rd1+ {Black
resigns} 1-0

[Event "Team 45 45 League T44"]
[Site "Internet Chess Club"]
[Date "2010.02.21"]
[Round "3"]
[White "KnightofMercy"]
[Black "Eyechess"]
[Result "1-0"]
[WhiteElo "1664"]
[BlackElo "1622"]
[Opening "English, 1...Nf6 (Anglo-Indian defense)"]
[ECO "A15"]
[Time "14:02:06"]
[TimeControl "2700+45"]

1. c4 Nf6 2. g3 g6 3. Bg2 Bg7 4. Nc3 O-O 5. e4 d6 6. Nge2 Nc6 7. O-O e5 8. d3
Be6 9. a3 Nd7 10. Nd5 f5 11. Nec3 fxe4 12. Nxe4 Bxd5 13. cxd5 Nd4 14. Be3 Nf5
15. Qb3 Nxe3 16. fxe3 Nb6 17. Rxf8+ Bxf8 18. Rf1 Bg7 19. Qd1 Nxd5 20. Qb3 c6 21.
Nc3 Kh8 22. Nxd5 cxd5 23. Qxb7 Rb8 24. Qxa7 Ra8 25. Qf7 Qb6 26. Qxd5 Qxe3+ 27.
Kh1 Rd8 28. b4 h5 29. Qe4 Qxe4 30. Bxe4 g5 31. Rf5 d5 32. Bg2 h4 33. Rxg5 hxg3
34. Rxg3 d4 35. Be4 Rc8 36. Rh3+ Kg8 37. Bd5+ Kf8 38. Rf3+ {Black resigns} 1-0

[Event "Team 45 45 League T44"]
[Site "Internet Chess Club"]
[Date "2010.02.24"]
[Round "3"]
[White "kidcobra"]
[Black "Juan73"]
[Result "1-0"]
[WhiteElo "1662"]
[BlackElo "1613"]
[Opening "Giuoco Piano"]
[ECO "C50"]
[Time "09:00:55"]
[TimeControl "2700+45"]

1. e4 e5 2. Nf3 Nc6 3. Bc4 Bc5 4. O-O Nf6 5. Nc3 d6 6. h3 Na5 7. Bb3 Nxb3 8.
axb3 a6 9. Re1 Be6 10. d3 h6 11. Bd2 Qd7 12. Be3 Bxe3 13. Rxe3 g6 14. d4 exd4
15. Nxd4 O-O-O 16. Nxe6 fxe6 17. Rf3 Nh5 18. Na4 Rhf8 19. Rc3 Kb8 20. Qd2 Nf6
21. Re1 b5 22. e5 Nd5 23. Rd3 bxa4 24. exd6 cxd6 25. bxa4 Qxa4 26. Rb3+ Kc8 27.
Rxe6 Qc4 28. Rd3 Nf4 29. Rc3 Qxc3 30. Qxc3+ Kd7 31. Re1 Rf5 32. Qg7+ Kc6 33. Re7
Rdf8 34. Rc7+ Kd5 35. c4+ Ke4 36. Re7+ {Black resigns} 1-0

[Event "Team 45 45 League T44"]
[Site "Internet Chess Club"]
[Date "2010.02.21"]
[Round "3"]
[White "arriero55"]
[Black "Skyler"]
[Result "1-0"]
[WhiteElo "1470"]
[BlackElo "1366"]
[Opening "Sicilian: accelerated fianchetto, modern variation"]
[ECO "B34"]
[Time "16:30:00"]
[TimeControl "2700+45"]

1. e4 c5 2. Nf3 Nc6 3. d4 cxd4 4. Nxd4 g6 5. Nc3 Bg7 6. Be3 Nf6 7. Be2 O-O 8. h4
d5 9. Nxc6 bxc6 10. e5 Nd7 11. f4 f5 12. g4 Nb6 13. g5 e6 14. Bc5 Rf7 15. h5 Nd7
16. Bd6 Qb6 17. hxg6 hxg6 18. Na4 Qe3 19. Qd2 Qe4 20. O-O Qxa4 21. Qd3 Qa5 22.
Kg2 Qb6 23. Rh1 a6 24. Qh3 Nf8 25. Rh2 Qd4 26. Rah1 Qe4+ 27. Bf3 Qxc2+ 28. Kg3
Qa4 29. Qh8+ Bxh8 30. Rxh8+ Kg7 31. Bxf8+ Rxf8 32. R1h7# {Black checkmated} 1-0

[Event "Team 45 45 League T44"]
[Site "Internet Chess Club"]
[Date "2010.02.21"]
[Round "3"]
[White "chiiwen"]
[Black "vazir"]
[Result "1-0"]
[WhiteElo "2161"]
[BlackElo "1899"]
[Opening "QP counter-gambit (elephant gambit)"]
[ECO "C40"]
[Time "14:00:19"]
[TimeControl "2700+45"]

1. e4 e5 2. Nf3 d5 3. Nxe5 Bd6 4. d4 dxe4 5. Nc3 Nf6 6. Bg5 O-O 7. Be2 Re8 8.
O-O Nbd7 9. Nxe4 Nxe5 10. dxe5 Bxe5 11. Qxd8 Rxd8 12. c3 Bf5 13. Ng3 Bg6 14. f4
Bd6 15. Bxf6 gxf6 16. f5 Re8 17. fxg6 Bxg3 18. gxf7+ Kxf7 19. Bh5+ {Black
resigns} 1-0

[Event "Team 45 45 League T44"]
[Site "Internet Chess Club"]
[Date "2010.02.17"]
[Round "3"]
[White "vasek"]
[Black "deeppurple"]
[Result "0-1"]
[WhiteElo "1872"]
[BlackElo "2073"]
[Opening "Robatsch (modern) defense"]
[ECO "B06"]
[Time "14:02:40"]
[TimeControl "2700+45"]

1. e4 g6 2. d4 Bg7 3. Nc3 d6 4. Be3 Nf6 5. Bd3 Ng4 6. Bf4 e5 7. dxe5 Nxe5 8.
Nge2 O-O 9. O-O Nbc6 10. Qd2 Nxd3 11. cxd3 Re8 12. Nd5 Be6 13. Nec3 Nd4 14. Bg5
f6 15. Be3 Nc6 16. h3 Ne7 17. Nf4 Bf7 18. Nfe2 d5 19. f4 b6 20. Rfd1 Qd7 21. Bf2
Rad8 22. Rac1 dxe4 23. Nxe4 Bxa2 24. Qc2 f5 25. N4g3 Bf7 26. Qxc7 Bxb2 27. Qxd7
Rxd7 28. Rb1 Bf6 29. d4 Nd5 30. Rbc1 h5 31. Re1 a5 32. Rc6 Kg7 33. Nf1 Rc7 34.
Rd6 Be7 {White resigns} 0-1

[Event "Team 45 45 League T44"]
[Site "Internet Chess Club"]
[Date "2010.02.20"]
[Round "3"]
[White "martineden"]
[Black "avila"]
[Result "1-0"]
[WhiteElo "1941"]
[BlackElo "1733"]
[Opening "QGD"]
[ECO "D52"]
[Time "10:59:08"]
[TimeControl "2700+45"]

1. d4 d5 2. c4 c6 3. Nf3 Nf6 4. Nc3 e6 5. Bg5 Nbd7 6. e3 Be7 7. Bd3 h6 8. Bh4
dxc4 9. Bxc4 b5 10. Bd3 Bb7 11. O-O b4 12. Na4 g5 13. Bg3 c5 14. Nxc5 Bxc5 15.
dxc5 Nxc5 16. Bb5+ Ke7 17. Qc2 Qb6 18. Be2 Rac8 19. Qb1 Be4 20. Qd1 Rhd8 21. Nd4
Ncd7 22. Rc1 e5 23. Rxc8 Rxc8 24. Nf3 Bc2 25. Qd2 Ne4 26. Qd5 Nxg3 27. hxg3 Rc5
28. Qd2 Nf6 29. Nxe5 Qc7 30. Rc1 Qb8 31. Nc4 b3 32. axb3 Bxb3 33. Na3 Ne4 34.
Qe1 Qe5 35. Qb4 Kf6 36. Rxc5 Nxc5 37. Qc3 Be6 38. Kf1 Na4 39. Qxe5+ Kxe5 40. b4
Nc3 41. Ke1 Bd5 42. f3 Na2 43. b5 Nc3 44. Bd3 g4 45. e4 Be6 46. Kd2 Na4 47. Ke3
Nc5 48. f4+ Kd6 49. Bc2 f6 50. Kd4 Nb3+ 51. Bxb3 Bxb3 52. Nc4+ Ke6 53. Na5 Ba4
54. Kc5 Bc2 55. Kd4 Ba4 56. Kc5 Bc2 57. Nc6 Bxe4 58. Nxa7 Bxg2 59. Nc6 Kd7 60.
Nd4 Be4 61. Kb6 h5 62. Ka7 Kc8 63. b6 Bh1 64. Nf5 Bf3 65. Nd6+ Kd7 66. Nf5 Be4
67. b7 Bxb7 68. Kxb7 Ke6 69. Ng7+ Kd5 70. Nxh5 f5 71. Kc7 Ke6 72. Kc6 Kf7 73.
Kd6 Kg6 74. Ke5 Kxh5 75. Kxf5 Kh6 76. Kxg4 Kg6 77. f5+ Kf6 78. Kf4 {Black
resigns} 1-0

[Event "Team 45 45 League T44"]
[Site "Internet Chess Club"]
[Date "2010.02.21"]
[Round "3"]
[White "soccerisfun"]
[Black "giltar"]
[Result "0-1"]
[WhiteElo "1596"]
[BlackElo "1878"]
[Opening "Caro-Kann defense"]
[ECO "B15"]
[Time "11:32:45"]
[TimeControl "2700+45"]

1. e4 c6 2. d4 d5 3. Nc3 dxe4 4. Bc4 Nf6 5. Bg5 Bg4 6. Qd2 Nbd7 7. h3 Bf5 8.
O-O-O e6 9. g4 Bg6 10. f3 b5 11. Be2 Be7 12. h4 h6 13. Bxf6 Nxf6 14. h5 Bh7 15.
Kb1 b4 16. Nxe4 Nxe4 17. fxe4 Bxe4 18. Rh3 a5 19. Rf1 Bg5 20. Qd1 Bg2 21. Bf3
Bxh3 22. Bxc6+ Ke7 23. Nxh3 Rc8 24. Qf3 Bf6 25. c3 bxc3 26. bxc3 Qb6+ 27. Kc2
Qxc6 28. Qe3 Qa4+ 29. Kb2 Qb5+ 30. Ka1 Qxf1+ {White resigns} 0-1

[Event "Team 45 45 League T44"]
[Site "Internet Chess Club"]
[Date "2010.02.19"]
[Round "3"]
[White "Campagnolo"]
[Black "TerryMalloy"]
[Result "0-1"]
[WhiteElo "2075"]
[BlackElo "2035"]
[Opening "English opening"]
[ECO "A05"]
[Time "21:01:33"]
[TimeControl "2700+45"]

1. Nf3 Nf6 2. c4 g6 3. Nc3 d5 4. cxd5 Nxd5 5. g3 Bg7 6. Bg2 O-O 7. O-O c5 8.
Nxd5 Qxd5 9. d3 Nc6 10. Be3 Bd7 11. Qd2 Rac8 12. Bh6 b6 13. Bxg7 Kxg7 14. a3
Rfd8 15. Rac1 e5 16. Rfd1 Na5 17. Qc3 f6 18. b4 cxb4 19. Qxb4 Nc6 20. Qb2 Qd6
21. Rd2 Ne7 22. Rdc2 Rxc2 23. Rxc2 Rc8 24. Rxc8 Bxc8 25. Nd2 Qc7 26. Nc4 Be6 27.
Ne3 Qc5 28. h4 Nc6 29. Qc2 Qxc2 30. Nxc2 Ne7 31. Ne3 Kf7 32. Kf1 Bb3 33. Ke1 Ke6
34. Kd2 f5 35. Kc3 Ba2 36. Kb2 Bd5 37. Nxd5 Nxd5 38. Kb3 Nf6 39. Bh3 Kd5 40. Kc3
Kc5 41. Kd2 Kb5 42. Kc2 Ka4 43. Kb2 b5 44. e3 b4 45. axb4 Kxb4 46. f3 a5 47. g4
Nd5 48. gxf5 gxf5 49. Bxf5 h6 50. e4 Nf4 51. Bg4 Nxd3+ 52. Ka2 Nf4 53. h5 Ne2
54. Be6 Nd4 55. Bg4 a4 56. Kb2 a3+ 57. Ka2 Nb3 58. f4 Nc1+ 59. Ka1 exf4 60. e5
Kc5 61. Kb1 a2+ 62. Kb2 Nd3+ 63. Kxa2 Nxe5 64. Bh3 Kc4 65. Kb1 Kd3 66. Kc1 Ke2
67. Bc8 f3 68. Ba6+ Ke1 {White resigns} 0-1

[Event "Team 45 45 League T44"]
[Site "Internet Chess Club"]
[Date "2010.02.19"]
[Round "3"]
[White "Folgers"]
[Black "nosalt"]
[Result "1/2-1/2"]
[WhiteElo "1984"]
[BlackElo "2047"]
[Opening "Trompowsky attack (Ruth, Opocenský opening)"]
[ECO "A45"]
[Time "21:30:15"]
[TimeControl "2700+45"]

1. d4 Nf6 2. Bg5 e6 3. e4 h6 4. Bxf6 Qxf6 5. Nc3 Bb4 6. Qd3 c5 7. e5 Qe7 8. Nf3
cxd4 9. Nxd4 Qc5 10. f4 Bxc3+ 11. Qxc3 Qxc3+ 12. bxc3 a6 13. Bd3 Nc6 14. Kd2 Ke7
15. Rab1 b5 16. Nxc6+ dxc6 17. c4 Rd8 18. Kc3 Bd7 19. Be4 Ra7 20. Rhd1 Rc8 21.
c5 a5 22. a3 Rb8 23. Rd6 Rc7 24. Rd4 Rg8 25. Bh7 Rb8 26. Be4 Rg8 27. g4 f6 28.
Rf1 Rf8 29. Rdd1 fxe5 30. fxe5 Rxf1 31. Rxf1 Be8 32. Rd1 Rd7 33. Rd6 Rc7 34. h4
g5 35. h5 Bd7 36. Rd3 Rc8 37. Rf3 Rf8 38. Kb3 Rxf3+ 39. Bxf3 Kd8 40. c4 Kc7 41.
Kc3 Bc8 42. Be2 Ba6 43. Bd3 Kb7 44. Bg6 Kc7 45. Bf7 Kd7 46. Bg8 bxc4 47. a4 Bb7
48. Bh7 Ba6 49. Be4 {Game drawn by mutual agreement} 1/2-1/2

[Event "Team 45 45 League T44"]
[Site "Internet Chess Club"]
[Date "2010.02.21"]
[Round "3"]
[White "Holm"]
[Black "Boromir"]
[Result "0-1"]
[WhiteElo "1894"]
[BlackElo "2008"]
[Opening "Nimzo-Indian: classical variation"]
[ECO "E32"]
[Time "12:02:33"]
[TimeControl "2700+45"]

1. d4 Nf6 2. c4 e6 3. Nc3 Bb4 4. Qc2 O-O 5. a3 Bxc3+ 6. Qxc3 b6 7. f3 d5 8. Bg5
Bb7 9. e3 h6 10. Bh4 Nbd7 11. Bd3 Rc8 12. b4 c5 13. Ne2 dxc4 14. Qxc4 cxd4 15.
Qxd4 Ne5 16. Bb1 Qxd4 17. exd4 Ned7 18. Kf2 Ba6 19. a4 Bxe2 20. Kxe2 Rc4 21. b5
Rxd4 22. Bf2 Rb4 23. Ra2 Rc8 24. Rd1 Nd5 25. Ke1 N7f6 26. Bd4 Rcc4 27. Rc2 Rxa4
28. Rdc1 Rxc2 29. Rxc2 g6 30. Be5 Rb4 31. Rc8+ Kg7 32. Bd3 Ra4 33. Be4 Ne7 34.
Rc7 Nf5 35. h4 Nxh4 36. g4 Rxe4+ 37. fxe4 Nf3+ 38. Ke2 Nxe5 39. Rxa7 Nfxg4 40.
Rb7 Nc4 41. Kd3 Nge5+ 42. Kd4 h5 43. Ra7 g5 44. Ra2 h4 45. Rg2 g4 46. Kc3 h3 47.
Rh2 Kg6 48. Kc2 Kg5 {White resigns} 0-1

[Event "Team 45 45 League T44"]
[Site "Internet Chess Club"]
[Date "2010.02.20"]
[Round "3"]
[White "Kallistos"]
[Black "viking99"]
[Result "1-0"]
[WhiteElo "1698"]
[BlackElo "1801"]
[Opening "French: exchange variation"]
[ECO "C01"]
[Time "20:01:47"]
[TimeControl "2700+45"]

1. e4 e6 2. d4 d5 3. exd5 exd5 4. Bd3 Nf6 5. Nc3 Bb4 6. Nf3 O-O 7. O-O Bg4 8.
Bg5 Bxc3 9. bxc3 Nbd7 10. h3 Bh5 11. Bf5 Nb6 12. Qd3 Bg6 13. Ne5 Qd6 14. Bxg6
hxg6 15. f3 Nh5 16. Bh4 Rae8 17. Rfe1 Re6 18. c4 dxc4 19. Nxc4 Nxc4 20. Qxc4 Qc6
21. Qxc6 Rxc6 22. Rac1 Rc3 23. Bg5 f6 24. Bd2 Rc4 25. g4 Rxd4 26. Be3 Ra4 27.
gxh5 gxh5 28. Bc5 Rf7 29. a3 b6 30. Be7 Kh7 31. Kf2 g5 32. Rcd1 c5 33. Rd6 Kg6
34. Ree6 Rf4 35. Ke3 h4 36. Ke2 Kg7 37. Rd7 Kg6 38. Rxa7 Rc4 39. Kd3 Rd4+ 40.
Ke3 Rc4 41. Rxb6 Rxc2 42. Rb8 Rc3+ 43. Ke4 Rxe7+ 44. Rxe7 f5+ 45. Kd5 Kf6 46.
Re6+ Kf7 47. Rb7+ Kf8 48. Rf6+ Ke8 49. Rh6 {Black resigns} 1-0

[Event "Team 45 45 League T44"]
[Site "Internet Chess Club"]
[Date "2010.02.19"]
[Round "3"]
[White "Rookmaster"]
[Black "gagdad"]
[Result "1-0"]
[WhiteElo "1761"]
[BlackElo "1782"]
[Opening "Scandinavian defense"]
[ECO "B01"]
[Time "21:09:16"]
[TimeControl "2700+45"]

1. e4 d5 2. exd5 Qxd5 3. Nc3 Qa5 4. d4 Nf6 5. Nf3 Bf5 6. Bc4 c6 7. Ne5 e6 8. g4
Be4 9. O-O Bd5 10. Bd3 Nbd7 11. f4 Qb6 12. Be3 Qxb2 13. Qd2 Bb4 14. Rfb1 Bxc3
15. Rxb2 Bxd2 16. Bxd2 b6 17. c4 Nxe5 18. dxe5 Be4 19. exf6 Bxd3 20. fxg7 Rg8
21. Bc3 Bxc4 22. Bf6 Bd5 23. a4 Rc8 24. Ra3 Kd7 25. Rh3 Be4 26. Re2 Bg6 27. f5
exf5 28. Re7+ Kd6 29. Rd3+ Kc5 30. Re5+ Kc4 31. Rf3 fxg4 32. Rf4+ Kd3 33. Rxg4
Rce8 34. Rxe8 Rxe8 35. Rd4+ Ke3 36. Rd8 Re4 37. g8=Q Rg4+ 38. Kf1 Rf4+ 39. Ke1
Re4 40. Re8 {Black resigns} 1-0

[Event "Team 45 45 League T44"]
[Site "Internet Chess Club"]
[Date "2010.02.22"]
[Round "3"]
[White "wbanks"]
[Black "Kingofknights"]
[Result "1-0"]
[WhiteElo "1626"]
[BlackElo "1650"]
[Opening "Caro-Kann: Steinitz variation"]
[ECO "B17"]
[Time "18:30:19"]
[TimeControl "2700+45"]

1. e4 c6 2. d4 d5 3. Nc3 dxe4 4. Nxe4 Nd7 5. Bd3 Ngf6 6. Ng5 e6 7. N1f3 Bd6 8.
Qe2 O-O 9. O-O Re8 10. Ne5 Bxe5 11. dxe5 h6 12. exf6 hxg5 13. fxg7 Qf6 14. Qh5
Qxg7 15. Bxg5 Nf6 16. Bxf6 Qxf6 17. Rae1 e5 18. Re3 Bd7 19. Rf3 Qe6 20. Re1 Kf8
21. Rxe5 Qxa2 22. Qh8# {Black checkmated} 1-0

[Event "Team 45 45 League T44"]
[Site "Internet Chess Club"]
[Date "2010.02.21"]
[Round "3"]
[White "fishhead"]
[Black "Sprawl"]
[Result "0-1"]
[WhiteElo "1901"]
[BlackElo "2125"]
[Opening "Ruy Lopez: Cozio defense deferred"]
[ECO "C70"]
[Time "15:01:03"]
[TimeControl "2700+45"]

1. e4 e5 2. Nf3 Nc6 3. Bb5 a6 4. Ba4 Nge7 5. O-O g6 6. Re1 Bg7 7. c3 b5 8. Bb3
O-O 9. d4 d6 10. h3 Bb7 11. Be3 Na5 12. Bc2 Nc4 13. Bc1 exd4 14. cxd4 c5 15.
Nbd2 Nxd2 16. Qxd2 Nc6 17. d5 Nd4 18. Nxd4 Bxd4 19. Rb1 Re8 20. b4 Qf6 21. Qf4
Bxd5 22. Qxf6 Bxf6 23. Bf4 Bxa2 24. Rbd1 Bc3 25. Re3 cxb4 26. Bxd6 a5 27. e5
Rad8 28. Be4 Bxe5 29. Bc6 Re6 30. Bxb5 Rdxd6 31. Rde1 Bc3 32. R1e2 Rxe3 33. fxe3
b3 {White resigns} 0-1

[Event "Team 45 45 League T44"]
[Site "Internet Chess Club"]
[Date "2010.02.22"]
[Round "3"]
[White "AntonioMendonca"]
[Black "tigereye"]
[Result "1/2-1/2"]
[WhiteElo "1706"]
[BlackElo "1822"]
[Opening "Caro-Kann: exchange variation"]
[ECO "B13"]
[Time "16:18:49"]
[TimeControl "2700+45"]

1. e4 c6 2. d4 d5 3. exd5 cxd5 4. Bd3 Nf6 5. h3 Nc6 6. c3 e6 7. Bf4 a6 8. Nd2 b5
9. Ngf3 Bb7 10. O-O b4 11. Ne5 bxc3 12. bxc3 Bd6 13. Nxc6 Bxc6 14. Bxd6 Qxd6 15.
Qc2 O-O 16. a4 Rfc8 17. Nf3 Bb7 18. Ne5 Rc7 19. Rab1 Rac8 20. Rb3 Ne4 21. Qb2
Qe7 22. Rb1 Nxc3 23. Rxb7 Nxb1 24. Rxc7 Qxc7 25. Qxb1 Qc1+ 26. Qxc1 Rxc1+ 27.
Kh2 Ra1 28. Bc2 Ra2 29. Bb3 {Game drawn by mutual agreement} 1/2-1/2

[Event "Team 45 45 League T44"]
[Site "Internet Chess Club"]
[Date "2010.02.22"]
[Round "3"]
[White "CREDITorDEBIT"]
[Black "Giacometti"]
[Result "1/2-1/2"]
[WhiteElo "1816"]
[BlackElo "1729"]
[Opening "Sicilian: dragon, classical, Amsterdam variation"]
[ECO "B72"]
[Time "18:45:36"]
[TimeControl "2700+45"]

1. e4 c5 2. Nf3 d6 3. d4 cxd4 4. Nxd4 Nf6 5. Nc3 Nc6 6. Be2 g6 7. Be3 Bg7 8. Qd2
Ng4 9. Nxc6 bxc6 10. Bxg4 Bxg4 11. f3 Bd7 12. Bd4 O-O 13. Bxg7 Kxg7 14. O-O-O
Qb6 15. h4 h5 16. b3 a5 17. a4 Qc5 18. Kb2 Rab8 19. Qd4+ Qxd4 20. Rxd4 Be6 21.
Rd2 Rb7 22. Rhd1 Rfb8 23. Ne2 c5 24. Nc3 c4 25. Nb5 cxb3 26. cxb3 Bd7 27. Rd3
Bxb5 28. axb5 Rxb5 {Game drawn by mutual agreement} 1/2-1/2

[Event "Team 45 45 League T44"]
[Site "Internet Chess Club"]
[Date "2010.02.21"]
[Round "3"]
[White "DanMcClintic"]
[Black "SacMan"]
[Result "0-1"]
[WhiteElo "1651"]
[BlackElo "1724"]
[Opening "French: Burn variation"]
[ECO "C11"]
[Time "10:30:07"]
[TimeControl "2700+45"]

1. e4 e6 2. d4 d5 3. Nc3 Nf6 4. Bg5 dxe4 5. Nxe4 Be7 6. Nxf6+ gxf6 7. Be3 Bd7 8.
Nf3 Bc6 9. g3 Nd7 10. Bg2 f5 11. O-O Bf6 12. Qd2 Qe7 13. Bg5 O-O-O 14. Bxf6 Qxf6
15. Qg5 Bxf3 16. Qxf6 Nxf6 17. Bxf3 Rxd4 18. Rfd1 Rhd8 19. Rxd4 Rxd4 20. Rd1
Rxd1+ 21. Bxd1 c5 22. f3 Kd7 23. Kf2 f4 24. c4 fxg3+ 25. hxg3 Kd6 26. Ke3 Nd7
27. Kf4 f6 28. Bc2 Ne5 29. b3 h6 30. Be4 b6 31. g4 a5 32. Kg3 Nc6 33. Kh4 Nb4
34. a3 Nc6 35. Kh5 Nd4 36. b4 axb4 37. axb4 cxb4 38. Kxh6 Ke5 39. Kg6 b3 40. g5
fxg5 41. Kxg5 Ne2 42. Bd3 Nc3 43. f4+ Kd6 44. Kf6 b2 45. f5 exf5 46. Kxf5 b1=Q
47. Bxb1 Nxb1 48. Ke4 Kc5 49. Kd3 Na3 50. Kc3 Nxc4 51. Kb3 b5 52. Kc3 Na5 53.
Kc2 Kb4 54. Kb2 Nb7 55. Ka2 Kc3 56. Kb1 Kb3 57. Ka1 b4 58. Kb1 Nd6 59. Ka1 Kc2
60. Ka2 b3+ 61. Ka1 b2+ 62. Ka2 b1=Q+ 63. Ka3 Qb3# {White checkmated} 0-1